AoeStats
← Omega

Black Forest

510513446Analyzed
3v3 RM · 1d ago on Oct 1, 2026· 50m 12s· 6 players
Game mode
Random Map
Map size
Normal (6 player)
Population
200
Speed
Normal
Resources
Standard
Victory
Conquest
Starting age
Dark Age
Ending age
Imperial Age
RankedLock teamsTeams togetherTeam positionsShared explorationLock speedFull tech treeHidden civsTurbo modeCheats
Victory
Defeat
🇮🇹 Magyars · Italy
1191
+6
🇮🇹 Japanese · Italy
1119
+8
🇮🇹 Danes · Italy
1053
+10
🇹🇼 Danes · Taiwan
993
-10
🇮🇳 Persians · India
980
-10
🇬🇧 Vietnamese · United Kingdom
790
-4
TheB0ldOne
0:29 Loom
12:11 Feudal Age
12:32 Double-Bit Axe
17:35 Castle Age
15:47 Horse Collar
26:29 Bow Saw
27:00 Heavy Plow
26:52 Gold Mining
26:57 Stone Mining
31:40 Imperial Age
28:56 Town Watch
29:46 Scale Barding Armor
29:54 Bloodlines
29:45 Husbandry
30:47 Wheelbarrow
32:03 Gold Shaft Mining
31:48 Hand Cart
31:57 Chain Barding Armor
32:29 Conscription
32:53 Caravan
33:07 Cavalier
34:05 Forging
33:34 Crossbowman
34:52 Kamandaran
36:20 Chemistry
35:44 Ballistics
35:17 Fletching
36:05 Plate Barding Armor
36:30 Capped Ram
37:19 Bodkin Arrow
37:26 Padded Archer Armor
38:28 Chemistry
37:39 Thumb Ring
39:15 Iron Casting
38:57 Leather Archer Armor
42:19 Blast Furnace
41:09 Elite War Elephant
41:56 Devotion
42:43 Citadels
antpant1991
0:43 Loom
13:27 Feudal Age
15:38 Double-Bit Axe
16:48 Wheelbarrow
23:06 Castle Age
22:38 Gold Mining
22:40 Stone Mining
25:29 Hand Cart
27:24 Caravan
32:56 Imperial Age
31:24 Bow Saw
32:42 Fletching
34:20 Thumb Ring
35:51 Crossbowman
39:40 Bodkin Arrow
42:06 Bracer
41:29 Arbalester
deankuo
1:49 Loom
14:30 Feudal Age
18:05 Castle Age
16:14 Double-Bit Axe
16:30 Horse Collar
19:52 Bow Saw
21:47 Heavy Plow
25:05 Wheelbarrow
29:55 Gold Mining
29:58 Stone Mining
30:13 Town Watch
34:05 Imperial Age
32:30 Scale Mail Armor
32:41 Forging
33:30 Gold Shaft Mining
33:17 Caravan
33:42 Fletching
34:05 Masonry
34:18 Town Patrol
33:51 Hamask
34:33 Squires
34:19 Gambesons
34:20 Arson
35:12 Conscription
34:41 Onager
35:04 Elite Varangian Guard
36:23 Siege Engineers
37:06 Chain Mail Armor
36:36 Northmen's Fury
40:58 Plate Mail Armor
41:04 Iron Casting
40:47 Elite Jomsviking
44:36 Siege Onager
44:42 Man-at-Arms
46:25 Blast Furnace
46:47 Long Swordsman
46:47 Pikeman
47:26 Halberdier
47:27 Two-Handed Swordsman
Angrboda1651
0:56 Loom
11:13 Feudal Age
12:33 Double-Bit Axe
15:00 Castle Age
12:59 Horse Collar
17:39 Wheelbarrow
24:02 Bow Saw
24:59 Gold Mining
26:24 Gold Shaft Mining
25:40 Stone Mining
27:15 Heavy Plow
27:33 Hand Cart
27:03 Town Watch
30:00 Imperial Age
27:48 Fletching
27:59 Padded Archer Armor
28:02 Scale Mail Armor
27:25 Pikeman
28:06 Squires
27:52 Gambesons
28:37 Ballistics
28:27 Clinker Construction
29:04 Treadmill Crane
29:20 Murder Holes
29:57 Chain Mail Armor
29:29 Arson
29:51 Yasama
30:36 Forging
30:21 Bodkin Arrow
30:41 Masonry
32:09 Chemistry
32:07 Town Patrol
31:56 Arrowslits
32:02 Guard Tower
32:46 Siege Engineers
33:55 Fortified Wall
35:35 Plate Mail Armor
35:41 Iron Casting
36:29 Man-at-Arms
38:40 Kataparuto
38:40 Conscription
39:33 Blast Furnace
38:34 Bracer
38:34 Padded Archer Armor
38:40 Scale Barding Armor
39:16 Keep
39:22 Elite Skirmisher
40:28 Parthian Tactics
40:25 Long Swordsman
40:47 Halberdier
41:43 Two-Handed Swordsman
45:06 Leather Archer Armor
45:45 Champion
Omega
5:26 Loom
11:42 Feudal Age
12:36 Double-Bit Axe
13:35 Horse Collar
13:56 Gold Mining
17:42 Castle Age
15:51 Horse Collar
16:43 Stone Mining
19:20 Caravan
22:59 Heavy Plow
23:43 Wheelbarrow
25:49 Gold Shaft Mining
29:36 Caravan
29:32 Fletching
29:43 Padded Archer Armor
31:03 Bodkin Arrow
31:24 Leather Archer Armor
32:18 Husbandry
32:28 Bloodlines
32:41 Hand Cart
35:44 Imperial Age
33:55 Town Watch
34:23 Scale Barding Armor
34:29 Corvinian Army
36:02 Chain Barding Armor
36:20 Thumb Ring
36:41 Ballistics
37:11 Crop Rotation
37:43 Chemistry
36:47 Bracer
37:17 Ring Archer Armor
37:23 Plate Barding Armor
36:35 Heavy Cavalry Archer
37:41 Parthian Tactics
38:35 Conscription
38:51 Elite Magyar Huszar
39:00 Elite Magyar Huszar
39:41 Recurve Bow
42:08 Town Patrol
Ottone il Grande
0:37 Loom
12:42 Feudal Age
18:05 Castle Age
16:40 Horse Collar
16:48 Double-Bit Axe
17:01 Gold Mining
19:31 Heavy Plow
33:16 Imperial Age
30:51 Padded Archer Armor
30:42 Fletching
30:53 Scale Mail Armor
31:03 Forging
31:35 Wheelbarrow
30:45 Town Watch
31:31 Caravan
32:56 Squires
32:41 Gambesons
32:43 Arson
33:20 Chain Mail Armor
34:12 Iron Casting
33:32 Bodkin Arrow
34:19 Conscription
34:20 Hand Cart
34:20 Onager
35:13 Pikeman
37:08 Plate Mail Armor
37:38 Blast Furnace
36:41 Northmen's Fury
37:41 Elite Jomsviking
40:54 Bracer
41:10 Leather Archer Armor
41:15 Elite Varangian Guard
Connection lost

Rejoining the realm…

Still unreachable

The connection could not be restored.

Session expired

The server has moved on; the page needs a fresh start.